 Dungeon Crawl Stone Soup version 0.30-a0-591-g3c58d2bc28 (webtiles) character file.

Game seed: 15332286586071640356

39533 NinjaNoafa the Zephyrmancer (level 13, 0/100 HPs)
             Began as a Black Draconian Air Elementalist on Jan 5, 2023.
             Was a High Priest of Vehumet.
             Slain by a basilisk (2 damage)
             ... while petrified by a basilisk
             ... on level 3 of the Lair of Beasts.
             The game lasted 01:07:52 (19197 turns).

NinjaNoafa the Zephyrmancer (DrAE)                 Turns: 19197, Time: 01:07:53

Health: 0/100      AC: 14    Str: 10    XL:     13   Next: 69%
Magic:  37/38      EV:  2    Int: 24    God:    Vehumet [*****.]
Gold:   261        SH:  0    Dex: 16    Spells: 5/36 levels left

rFire   . . .      SeeInvis .    L - +3 falchion "Oniycyqang" {freeze, rCorr MP+9 Dex+2}
rCold   . . .      Faith    .    G - +3 buckler
rNeg    + + +      Spirit   .    (body armour unavailable)
rPois   ∞          Reflect  .    I - +1 hat
rElec   +          Harm     .    j - +0 cloak
rCorr   +          Rampage  .    g - +2 pair of gloves {Dex+3}
Will    .....                    O - +0 pair of boots
Stlth   ++                       K - amulet of magic regeneration
HPRegen 0.36/turn                x - ring of fire
MPRegen 0.66/turn                H - ring of ice

@: petrified, frozen, very slow
A: breathe lightning, AC +8, unfitting armour, electricity resistance,
cold-blooded, talons 1, clever 1, deterioration 1
a: Breathe Lightning, Renounce Religion


You were on level 3 of the Lair of Beasts.
You worshipped Vehumet.
Vehumet was extremely pleased with you.
You visited 3 branches of the dungeon, and saw 15 of its levels.

You collected 710 gold pieces.
You spent 449 gold pieces at shops.

Inventory:

Hand Weapons
 L - the +3 falchion "Oniycyqang" (weapon) {freeze, rCorr MP+9 Dex+2}
   (You found it on level 2 of the Lair of Beasts)

   Dex:       It affects your dexterity (+2).
   MP:        It affects your magic capacity (+9).
   rCorr:     It protects you from acid and corrosion.
Missiles
 o - 9 atropa-tipped darts
 z - 12 boomerangs
 C - 3 javelins
 Q - 25 poisoned darts
Armour
 g - a +2 pair of gloves of dexterity (worn)
 j - a +0 cloak (worn)
 G - a +3 buckler (worn)
 I - a +1 hat (worn)
 O - a +0 pair of boots (worn)
Jewellery
 n - a ring of willpower
 x - a ring of fire (left hand)
 E - a +4 ring of protection
 H - a ring of ice (right hand)
 K - an amulet of magic regeneration (around neck)
 R - a ring of protection from cold
Wands
 r - a wand of acid (13)
 u - a wand of paralysis (9)
 A - a wand of mindburst (5)
Scrolls
 b - 5 scrolls of magic mapping
 c - 3 scrolls of noise
 f - a scroll of blinking
 h - a scroll of acquirement {unknown}
 i - 3 scrolls of immolation
 k - a scroll of poison
 m - 2 scrolls of fog
 q - a scroll of vulnerability
 w - a scroll of fear
 y - 2 scrolls of teleportation
Potions
 a - 2 potions of magic
 d - a potion of attraction
 e - a potion of lignification {unknown}
 l - a potion of mutation
 p - 2 potions of might {unknown}
 s - 3 potions of cancellation
 t - a potion of invisibility {unknown}
 v - 4 potions of flight
 B - 3 potions of degeneration {unknown}
 D - a potion of ambrosia {unknown}
 F - 5 potions of curing
 J - a potion of berserk rage {unknown}
 M - 3 potions of resistance
 N - a potion of brilliance


   Skills:
 + Level 5.3 Fighting
 - Level 6.0 Dodging
 - Level 1.7 Stealth
 - Level 6.0 Shields
 - Level 12.0 Spellcasting
 - Level 7.0 Conjurations
 - Level 3.0 Hexes
 - Level 5.0 Summonings
 - Level 2.0 Necromancy
 - Level 3.0 Translocations
 - Level 5.0 Fire Magic
 - Level 5.0 Ice Magic
 - Level 13.0 Air Magic
 - Level 2.0 Earth Magic
 - Level 7.0 Evocations


You had 5 spell levels left.
You knew the following spells:

 Your Spells              Type           Power      Damage    Failure   Level
a - Flame Wave            Conj/Fire      59%        2d14      1%          4
b - Static Discharge      Conj/Air       100%       2-7/arc   1%          2
c - Airstrike             Air            33%        2d(5-21)  1%          4
d - Inner Flame           Hex/Fire       50%        N/A       1%          3
e - Frozen Ramparts       Ice            100%       1d16      1%          3
f - Summon Lightning Spi  Summ/Air       55%        N/A       1%          4
g - Kindle Blastsparks    Fire/Tloc/Air  100%       2d18      1%          3
h - Hailstorm             Conj/Ice       59%        3d13      1%          3
i - Swiftness             Air            67%        N/A       1%          3
j - Passwall              Tmut/Erth      15%        N/A       5%          2

Your spell library contained the following spells:

 Spells                   Type           Power      Damage    Failure   Level
 Sticky Flame             Conj/Fire      59%        2d7       1%          4
 Freeze                   Ice            100%       1d10      1%          1
 Kiss of Death            Conj/Necr      100%       2d13      1%          1
 Sandblast                Erth           48%        2d12      1%          1
 Shock                    Conj/Air       100%       1d9       1%          1
 Momentum Strike          Conj/Tloc      76%        3d10      1%          2
 Stone Arrow              Conj/Erth      72%        3d11      1%          3
 Maxwell's Capacitive Co  Air            33%        ∞         38%         8
 Storm Form               Tmut/Air       22%        N/A       97%         7


Dungeon Overview and Level Annotations

Branches:
Dungeon (11/15)            Temple (1/1) D:6            Lair (3/5) D:10
  Swamp (0/4) Lair:2        Snake (0/4) Lair:3
    Orc: D:9-12

Altars:
Ashenzari
Cheibriados
Dithmenos
Elyvilon
Fedhas
Gozag
Hepliaklqana
Kikubaaqudgha
Makhleb
Nemelex Xobeh
Okawaru
Qazlal
Ru
Sif Muna
Trog
Uskayaw
Vehumet
Wu Jian
Yredelemnul
Zin
The Shining One

Shops:
D:1 [   D:7 *   D:8 [   D:9 [

Annotations:
D:2 1 runed translucent door, Crazy Yiuf
D:10 Gastronok


Innate Abilities, Weirdness & Mutations

You can breathe wild blasts of lightning.
Your glossy black scales are hard. (AC +8)
You cannot fit into any form of body armour.
You are resistant to electric shocks. (rElec)
You are cold-blooded and may be slowed by cold attacks.
You have sharp toenails.
Your mind is acute. (Int +4, Str/Dex -1)
Your body sometimes deteriorates upon taking damage.


Message History

The wyvern completely misses you. The hell rat barely misses you.
You block the rime drake's attack. The basilisk bites you!
The wyvern bites you. The hell rat barely misses you. The basilisk bites you!
The rime drake bites you.
You have turned to stone.
Your meditation is interrupted.
The ice encasing you melts away. The wyvern bites you.
The wyvern bites you but does no damage.
The hell rat bites you but does no damage.
The rime drake bites you.
The wyvern bites you but does no damage.
The basilisk bites you! The wyvern bites you. The hell rat bites you!
* * * LOW HITPOINT WARNING * * *
The wyvern bites you but does no damage.
The wyvern bites you!
* * * LOW HITPOINT WARNING * * *
The rime drake bites you but does no damage.
The basilisk gazes at you.
You easily resist.
The wyvern bites you.
* * * LOW HITPOINT WARNING * * *
The wyvern bites you.
The hell rat bites you but does no damage.
The rime drake bites you but does no damage.
The wyvern bites you!
* * * LOW HITPOINT WARNING * * *
The basilisk gazes at you.
The wyvern bites you but does no damage.
The hell rat bites you!
* * * LOW HITPOINT WARNING * * *
The rime drake breathes ice at you. The icy flash freeze hits you!
* * * LOW HITPOINT WARNING * * *
You are encased in ice.
The wyvern bites you.
* * * LOW HITPOINT WARNING * * *
The wyvern completely misses you. The hell rat bites you.
The basilisk bites you.
You die...

...... ##.##..# ..... #..###.#
#.... #P.# #.. #....## ##.###.#
#..# #..##.# ####...... #..#
##†.#.#####.P#...... #..#
#..†................ ##..##
###†llr...#######..... #....#
#...k@.####.....###...
##...#####.†.l####.........##.. #
#....#.##.....#.#...#...#...#..
###.............[.....#.>.#......
.#......).......#.#...#...#...#..
.#.........<....####.........##..
........÷.......P#####.....###...
...†.................########....
#....>........†.......P### #....


You could see a basilisk, a rime drake (catching breath), 2 wyverns and a hell
rat.

Vanquished Creatures
  A catoblepas (Lair:2)
  An ogre mage (D:10)
  4 hydras
  2 two-headed ogres (D:10)
  A boulder beetle (D:10)
  Pikel (D:8)
  A wizard (D:10)
  A lindwurm (Lair:3)
  An ugly thing (D:10)
  An orc sorcerer (D:10)
  2 oklob plants (D:10)
  A black mamba (Lair:1)
  5 elephants (Lair:1)
  A torpor snail (Lair:1)
  Psyche (D:9)
  6 cane toads
  4 komodo dragons
  4 rime drakes
  3 kobold demonologists (D:10)
  2 hornets
  3 trolls
  A polar bear (Lair:1)
  Prince Ribbit (D:8)
  2 dream sheep (Lair:1)
  15 blink frogs
  A slime creature (D:10)
  Sigmund (D:2)
  A shadow (D:10)
  A vampire (D:9)
  10 wyverns
  3 basilisks
  A wraith (D:10)
  38 yaks
  A steam dragon (D:6)
  4 vampire mosquitoes (D:10)
  3 nagas (Lair:3)
  6 water moccasins
  2 swamp worms (Lair:2)
  5 orc warriors
  Duvessa (D:7)
  A sky beast (D:6)
  An ice beast (D:7)
  4 black bears
  4 ogres (D:5)
  6 centaurs
  11 wolves (Lair:2)
  A phantom (D:6)
  2 lemures (D:8)
  4 kobold brigands
  4 bullfrogs
  2 necrophages
  13 wights
  Dowan (D:7)
  14 killer bees
  A howler monkey (D:6)
  An electric eel (Lair:2)
  2 lava snakes (Lair:3)
  A hound (D:6)
  5 orc priests
  A jelly (D:6)
  Terence (D:2)
  An iguana (D:6)
  4 orc wizards
  7 hell rats
  Robin (D:2)
  12 adders
  2 ufetubi
  A worm (D:5)
  4 dart slugs
  24 orcs
  12 ball pythons
  8 endoplasms
  4 giant cockroaches
  15 hobgoblins
  5 jackals
  3 quokkas
  7 bats
  4 frilled lizards
  11 goblins
  15 kobolds
  4 rats
367 creatures vanquished.

Vanquished Creatures (collateral kills)
  Fannar (Lair:2)
  A skeletal warrior (D:10)
  An orc sorcerer (D:10)
  A cane toad (Lair:3)
  A rime drake (Lair:3)
  2 komodo dragons (Lair:3)
  2 blink frogs
  A wraith (D:10)
  A steam dragon (Lair:2)
  2 yaks (Lair:3)
  A basilisk (Lair:3)
  A water moccasin (Lair:2)
  A wolf (Lair:2)
  A bullfrog (Lair:2)
  2 wights (D:10)
  An iguana (Lair:2)
20 creatures vanquished.

Vanquished Creatures (others)
  2 two-headed ogres (D:10)
  A kobold demonologist (D:10)
  A shadow (D:10)
  A wyvern (D:10)
  A howler monkey (D:10)
  22 fungi
  42 plants
  4 toadstools (D:1)
74 creatures vanquished.

Grand Total: 461 creatures vanquished

Notes
Turn   | Place    | Note
-------+----------+-------------------------------------------
     0 | D:1      | NinjaNoafa the Draconian Air Elementalist began the quest
                  | for the Orb.
     0 | D:1      | Reached XP level 1. HP: 14/14 MP: 3/3
   201 | D:1      | Found a faded altar of an unknown god.
   203 | D:1      | Reached XP level 2. HP: 20/20 MP: 3/5
   453 | D:1      | Found Geloic's Antique Armour Boutique.
   782 | D:2      | Reached XP level 3. HP: 26/26 MP: 1/6
   799 | D:2      | Learned a level 2 spell: Static Discharge
   873 | D:2      | Noticed Sigmund
  1003 | D:2      | Reached skill level 4 in Air Magic
  1003 | D:2      | Reached XP level 4. HP: 26/33 MP: 1/7
  1478 | D:2      | Killed Sigmund
  1479 | D:2      | Reached skill level 5 in Air Magic
  1479 | D:2      | Reached XP level 5. HP: 22/38 MP: 0/8
  1637 | D:2      | Noticed Terence
  1645 | D:2      | Reached XP level 6. HP: 19/45 MP: 2/9
  1647 | D:2      | Killed Terence
  1849 | D:2      | Learned a level 3 spell: Swiftness
  1859 | D:2      | Noticed Robin
  2003 | D:2      | HP: 2/43 [Robin/+10 club (5)]
  2005 | D:2      | Killed Robin
  2337 | D:2      | Found a runed translucent door.
  2338 | D:2      | Noticed Crazy Yiuf
  2462 | D:3      | Found a radiant altar of Vehumet.
  2472 | D:3      | Became a worshipper of Vehumet
  3566 | D:4      | Noticed an orc warrior
  3965 | D:3      | Reached * piety under Vehumet
  3965 | D:3      | Offered knowledge of Kiss of Death by Vehumet.
  3970 | D:3      | Learned a level 1 spell: Kiss of Death
  4293 | D:5      | Entered Level 5 of the Dungeon
  4309 | D:5      | Your scales start taking on a glossy black colour.
  4309 | D:5      | Reached skill level 6 in Air Magic
  4309 | D:5      | Reached XP level 7. HP: 42/50 MP: 2/11
  4309 | D:5      | Gained mutation: You are resistant to electric shocks.
                  | (rElec) [Black Draconian growth]
  4310 | D:5      | Reached skill level 5 in Conjurations
  4310 | D:5      | Reached skill level 7 in Air Magic
  4348 | D:4      | Learned a level 4 spell: Airstrike
  4443 | D:4      | Found a broken altar of Ashenzari.
  4970 | D:5      | Reached skill level 8 in Air Magic
  5094 | D:5      | Reached XP level 8. HP: 52/57 MP: 14/14
  5157 | D:5      | Reached ** piety under Vehumet
  5288 | D:5      | Reached skill level 5 in Spellcasting
  5294 | D:5      | Offered knowledge of Momentum Strike by Vehumet.
  5301 | D:5      | Learned a level 2 spell: Momentum Strike
  5341 | D:5      | Reached skill level 9 in Air Magic
  5436 | D:5      | Found an opulent altar of Gozag.
  5812 | D:6      | Reached skill level 1 in Necromancy
  5812 | D:6      | Reached skill level 1 in Translocations
  6069 | D:6      | Found a shadowy altar of Dithmenos.
  6086 | D:6      | Found a staircase to the Ecumenical Temple.
  6144 | D:6      | Reached XP level 9. HP: 62/62 MP: 6/18
  6164 | Temple   | Entered the Ecumenical Temple
  6575 | D:6      | Reached skill level 10 in Air Magic
  7221 | D:7      | Noticed Duvessa
  7221 | D:7      | Noticed Dowan
  7227 | D:7      | Killed Dowan
  7228 | D:7      | Killed Duvessa
  7379 | D:7      | Offered knowledge of Kindle Blastsparks by Vehumet.
  7490 | D:7      | Reached skill level 1 in Evocations
  8027 | D:1      | Bought a pair of embroidered gloves for 225 gold pieces
  8261 | D:7      | Learned a level 3 spell: Kindle Blastsparks
  8413 | D:7      | Found Isiecaji's Gadget Gallery.
  9026 | D:8      | Noticed a troll
  9054 | D:8      | Killed a troll
  9055 | D:8      | Reached skill level 1 in Fighting
  9068 | D:8      | Found Rudduhiugi's Antique Armour Shop.
  9291 | D:8      | Reached XP level 10. HP: 71/71 MP: 6/20
  9405 | D:7      | Reached *** piety under Vehumet
  9662 | D:8      | Noticed Pikel
  9700 | D:8      | Killed Pikel
  9843 | D:8      | Found a hide-covered altar of Uskayaw.
  9932 | D:8      | Learned a level 3 spell: Hailstorm
  9997 | D:8      | Noticed Prince Ribbit
 10019 | D:8      | Killed Prince Ribbit
 10782 | D:9      | Found Wusup's Antique Armour Boutique.
 10920 | D:9      | Reached skill level 1 in Ice Magic
 10925 | D:9      | Offered knowledge of Inner Flame by Vehumet.
 10927 | D:9      | Reached skill level 5 in Shields
 11127 | D:9      | Noticed Psyche
 11148 | D:9      | Killed Psyche
 11149 | D:9      | Reached skill level 5 in Dodging
 11390 | D:10     | Entered Level 10 of the Dungeon
 11395 | D:10     | Learned a level 3 spell: Inner Flame
 11418 | D:10     | Reached skill level 5 in Evocations
 11448 | D:10     | Noticed an oklob plant
 11487 | D:10     | Reached XP level 11. HP: 24/82 MP: 13/21
 11681 | D:10     | Found a staircase to the Lair.
 11681 | D:10     | Noticed an oklob plant
 11695 | D:10     | Found a glowing golden altar of the Shining One.
 11711 | D:10     | Found a glowing silver altar of Zin.
 11884 | D:10     | Noticed an orc sorcerer
 11884 | D:10     | Noticed an orc sorcerer
 12420 | D:10     | Noticed a two-headed ogre
 12465 | D:10     | Noticed Gastronok
 12474 | D:9      | Learned a level 4 spell: Summon Lightning Spire
 12542 | D:10     | Killed a two-headed ogre
 12543 | D:10     | Killed a two-headed ogre
 12590 | D:10     | Reached skill level 1 in Summonings
 12656 | D:10     | Killed an orc sorcerer
 12656 | D:10     | Reached **** piety under Vehumet
 12657 | D:10     | Reached skill level 1 in Hexes
 12712 | D:10     | Noticed a skeletal warrior
 12729 | D:10     | Killed a skeletal warrior
 12861 | D:10     | Noticed a wizard
 13046 | D:10     | Offered knowledge of Irradiate by Vehumet.
 13068 | D:10     | Noticed a two-headed ogre
 13336 | D:10     | Noticed an ogre mage
 13552 | D:10     | Killed a two-headed ogre
 13609 | D:10     | Identified the +3 sling of Neurosis {speed, rN+}
 13661 | D:10     | Learned a level 3 spell: Frozen Ramparts
 13671 | D:10     | Killed an oklob plant
 13672 | D:10     | Reached skill level 10 in Spellcasting
 13709 | D:10     | Killed a wizard
 13880 | D:10     | Noticed a purple ugly thing
 13884 | D:10     | Killed a purple ugly thing
 13960 | D:10     | Killed a two-headed ogre
 14105 | D:10     | Killed an ogre mage
 14106 | D:10     | Reached XP level 12. HP: 50/89 MP: 14/26
 14256 | Lair:1   | Entered Level 1 of the Lair of Beasts
 14369 | Lair:1   | Noticed a boulder beetle
 14393 | D:10     | Gained mutation: Your body sometimes deteriorates upon
                  | taking damage. [potion of mutation]
 14393 | D:10     | Gained mutation: You have sharp toenails. [potion of
                  | mutation]
 14393 | D:10     | Gained mutation: Your mind is acute. (Int +4, Str/Dex -1)
                  | [potion of mutation]
 14543 | D:10     | Reached skill level 11 in Air Magic
 14576 | D:10     | Killed a boulder beetle
 14813 | Lair:1   | Reached skill level 5 in Ice Magic
 14815 | Lair:1   | Reached skill level 5 in Summonings
 14971 | Lair:1   | Reached skill level 12 in Air Magic
 15009 | Lair:1   | Reached ***** piety under Vehumet
 15014 | Lair:1   | Offered knowledge of Flame Wave by Vehumet.
 15206 | Lair:1   | Reached skill level 13 in Air Magic
 15830 | Lair:1   | Learned a level 4 spell: Flame Wave
 16168 | Lair:2   | Reached XP level 13. HP: 94/94 MP: 24/28
 16507 | Lair:2   | Identified the +3 falchion "Oniycyqang" {freeze, rCorr MP+9
                  | Dex+2}
 16999 | D:8      | Bought a runed hat for 224 gold pieces
 17133 | Lair:2   | Noticed Fannar
 17162 | Lair:2   | HP: 3/96 [komodo dragon (17)]
 17374 | Lair:2   | Killed Fannar
 17612 | Lair:2   | Learned a level 2 spell: Passwall
 17928 | Lair:2   | Found a staircase to the Swamp.
 18524 | Lair:3   | Reached skill level 5 in Fire Magic
 18851 | Lair:3   | Reached skill level 5 in Fighting
 19095 | Lair:3   | Reached skill level 1 in Earth Magic
 19157 | Lair:3   | Found a staircase to the Snake Pit.
 19180 | Lair:3   | Offered knowledge of Sticky Flame by Vehumet.
 19197 | Lair:3   | HP: 4/100 [rime drake/icy flash freeze (8)]
 19197 | Lair:3   | Slain by a basilisk

Illustrated notes

Levels and vault maps discovered:
D:1:      ldierk_walled_garden_2, layout_rooms, serial_shops, shop,
          nicolae_ecumenical_snake_handling, chequers_serial_rivers_micro_d,
          minmay_distorted
D:2:      layout_basic, uniq_sigmund, uniq_crazy_yiuf_cottage, uniq_robin,
          uniq_terence
D:3:      layout_basic, nicolae_vehumet_radiance
D:4:      layout_rooms, kennysheep_mini, kennysheep_generic_room_5
D:5:      layout_gridville, kennysheep_little_box
D:6:      layout_gridville, grunt_dithmenos_smoke,
          minmay_temple_entry_statues_fountains
D:7:      dreamdust_elfheim, layout_basic, minmay_stone_trees_medium,
          nicolae_shop_gadgets
D:8:      layout_cave_pools, mainiacjoe_overflow_24_doors, serial_shops,
          nicolae_shop_temple_entry_statues_fountains, uniq_prince_ribbit1,
          uniq_pikel
D:9:      layout_long_grid, serial_shops, shop, uniq_psyche
D:10:     minmay_the_grid_3x3 [minmay_the_grid_x, minmay_the_grid_garden,
          minmay_the_grid_diamond_grid, minmay_the_grid_tree,
          minmay_the_grid_spin_star, minmay_the_grid_minigrid_large,
          minmay_the_grid_tri_star, minmay_the_grid_minigrid_small_alt,
          minmay_the_grid_prize_inner_circle], layout_long_grid, zin_academy,
          tso_oasis_becter, xom_confusion_cloud, dpeg_oklobed_lair,
          uniq_gastronok
D:11:     layout_small_grid, dk_vineyard_3, uniq_lodul
Temple:   nicolae_temple_bog_church
Lair:1:   layout_misc_corridors, infiniplex_staircase_pool, lemuel_fruit_tree
Lair:2:   layout_gridlike, palyth_hydra_swamp_entry, grunt_megastairs_4,
          uniq_fannar
Lair:3:   layout_gridlike, minmay_snake_entry_guardpost_medium, special_room
          [special_room_mythical_zoo], basic_altar, minivault_24, minivault_19

Skill      XL: |  1  2  3  4  5  6  7  8  9 10 11 12 13 |
---------------+----------------------------------------+-----
Conjurations   | 2 4 5 7 |  7.0
Air Magic      | 4 5 6 8 9 10 13 | 13.0
Spellcasting   | 3 4 6 7 10 11 12 | 12.0
Necromancy     | 2 |  2.0
Translocations | 2 3 |  3.0
Evocations     | 2 5 7 |  7.0
Shields        | 2 5 6 |  6.0
Fire Magic     | 3 5 |  5.0
Fighting       | 1 3 5 |  5.3
Dodging        | 2 5 6 |  6.0
Ice Magic      | 3 4 5 |  5.0
Summonings     | 4 5 |  5.0
Hexes          | 3 |  3.0
Earth Magic    | 2 |  2.0
Stealth        | |  1.7

Action                   |  1- 3 |  4- 6 |  7- 9 | 10-12 | 13-15 || total
-------------------------+-------+-------+-------+-------+-------++-------
Melee: Unarmed           |     4 |       |       |       |       ||     4
       Whip              |    22 |     6 |       |       |       ||    28
       Tailslap          |     2 |     3 |     5 |    14 |     2 ||    26
       Halberd           |       |     3 |       |       |       ||     3
       Hand axe          |       |    31 |    25 |       |       ||    56
       Dagger            |       |       |       |    53 |       ||    53
       Falchion          |       |       |       |       |     3 ||     3
 Cast: Shock             |    45 |    95 |    46 |    57 |       ||   243
       Static Discharge  |     3 |    24 |    31 |    23 |       ||    81
       Swiftness         |       |     5 |     4 |    11 |     4 ||    24
       Airstrike         |       |       |    37 |   144 |    84 ||   265
       Momentum Strike   |       |       |    10 |    10 |       ||    20
       Kindle Blastspark |       |       |     9 |    48 |     4 ||    61
       Kiss of Death     |       |       |     1 |     1 |       ||     2
       Hailstorm         |       |       |       |    16 |     7 ||    23
       Inner Flame       |       |       |       |    63 |    26 ||    89
       Summon Lightning  |       |       |       |     8 |    12 ||    20
       Frozen Ramparts   |       |       |       |     7 |     3 ||    10
       Flame Wave        |       |       |       |     4 |     3 ||     7
       Passwall          |       |       |       |       |     4 ||     4
 Abil: Breathe Lightning |       |       |     4 |     7 |     2 ||    13
Evoke: Wand              |       |       |     3 |     4 |       ||     7
  Use: Potion            |       |     2 |       |     8 |     2 ||    12
       Scroll            |       |       |    12 |    15 |     7 ||    34
Armor: Skin              |    13 |    47 |    44 |   135 |    40 ||   279
Dodge: Dodged            |    16 |   101 |    57 |   189 |    48 ||   411
Block: Buckler           |       |       |     7 |   114 |    37 ||   158

Table legend: (Time is in decaauts)
 A = Elapsed time spent in this place.
 B = Non-inter-level travel time spent in this place.
 C = Inter-level travel time spent in this place.
 D = Time resting spent in this place.
 E = Time spent auto-exploring this place.
 F = Levels seen in this place.
 G = Mean time per level.
                   A        B        C        D        E       F      G
               +--------+--------+--------+--------+--------+-----+--------+
         Total |  19214 |  17422 |   1792 |    131 |  14199 |  15 | 1280.9 |
       Dungeon |  14755 |  13276 |   1479 |    104 |  10879 |  11 | 1341.4 |
        Temple |    229 |    227 |      2 |      0 |    216 |   1 |  229.0 |
          Lair |   4229 |   3918 |    311 |     27 |   3104 |   3 | 1409.7 |
               +--------+--------+--------+--------+--------+-----+--------+

Top non-repeatable levels by time:
    D:10: 2185 daAuts
     D:9: 2046 daAuts
     D:7: 1894 daAuts
  Lair:1: 1768 daAuts
  Lair:2: 1732 daAuts
     D:3: 1645 daAuts
     D:2: 1419 daAuts
     D:8: 1376 daAuts
     D:6: 1191 daAuts
     D:5: 1122 daAuts
     D:1: 1082 daAuts
     D:4: 789 daAuts
  Lair:3: 729 daAuts
  Temple: 229 daAuts
    D:11: 1 daAuts
